 Dungeon Crawl Stone Soup version 0.30-a0-881-g1ff12e1e11 (webtiles) character file.

Game seed: 14111893394424091566

431 bmack86 the Chopper (level 6, -1/56 HPs)
             Began as a Minotaur Fighter on Mar 15, 2023.
             Slain by an ogre
             ... wielding a +0 giant spiked club
              (21 damage)
             ... on level 5 of the Dungeon.
             The game lasted 00:10:06 (3891 turns).

bmack86 the Chopper (Minotaur Fighter)              Turns: 3891, Time: 00:10:07

Health: -1/56      AC:  7    Str: 22    XL:     6   Next: 66%
Magic:  5/5        EV:  9    Int:  5    God:
Gold:   29         SH:  5    Dex: 10    Spells: 5/5 levels left

rFire   . . .      SeeInvis .    a - +0 war axe
rCold   . . .      Faith    .    c - +0 buckler
rNeg    . . .      Spirit   .    b - +0 scale mail
rPois   .          Reflect  .    (helmet restricted)
rElec   .          Rampage  .    (no cloak)
rCorr   .                        (no gloves)
Will    .....                    (no boots) Stlth
                                 (no amulet)
HPRegen 0.29/turn                i - ring of flight
MPRegen 0.09/turn                (no ring)

@: mighty, flying
A: horns 2, retaliatory headbutt
a: no special abilities


You were on level 5 of the Dungeon.
You visited 1 branch of the dungeon, and saw 5 of its levels.

You collected 201 gold pieces.
You spent 172 gold pieces at shops.

Inventory:

Hand Weapons
 a - a +0 war axe (weapon)
Missiles
 l - 7 poisoned darts (quivered)
Armour
 b - a +0 scale mail (worn)
 c - a +0 buckler (worn)
Jewellery
 g - a ring of fire
 i - a ring of flight (left hand)
Wands
 x - a wand of mindburst (9)
 z - a wand of digging (5)
Scrolls
 k - 5 scrolls of immolation
 o - a scroll of amnesia {unknown}
 p - a scroll of noise {unknown}
 r - a scroll of vulnerability {unknown}
 s - 2 scrolls of magic mapping
 t - a scroll of enchant armour {unknown}
 u - a scroll of blinking
 v - a scroll of teleportation {unknown}
 w - a scroll of enchant weapon
 y - a scroll of identify
 B - a scroll of poison {unknown}
Potions
 d - a potion of might
 e - 4 potions of curing
 f - a potion of brilliance {unknown}
 h - 2 potions of ambrosia {unknown}
 j - a potion of lignification {unknown}
 m - a potion of haste {unknown}
 n - a potion of attraction {unknown}
 q - 2 potions of heal wounds {unknown}
 A - a potion of berserk rage {unknown}


   Skills:
 + Level 5.0 Fighting
 * Level 5.6 Axes
 + Level 1.9 Throwing
 + Level 5.0 Armour
 + Level 5.0 Shields


You had 5 spell levels left.
You didn't know any spells.
Your spell library contained the following spells:

 Spells                   Type           Power      Damage    Failure   Level
 Frozen Ramparts          Ice            0%         1d1       99%         3
 Ozocubu's Armour         Ice            0%         N/A       99%         3
 Ice Form                 Ice/Tmut       0%         N/A       100%        4
 Summon Ice Beast         Ice/Summ       0%         N/A       100%        4
 Metabolic Englaciation   Hex/Ice        0%         N/A       100%        5
 Simulacrum               Ice/Necr       0%         N/A       100%        6


Dungeon Overview and Level Annotations

Branches:
Dungeon (5/15)
 Temple: D:4-7

Altars:
Ashenzari
Cheibriados
Elyvilon

Shops:
D:3 =?(=   D:4 !?(:


Innate Abilities, Weirdness & Mutations

You have a pair of horns on your head.
You reflexively headbutt those who attack you in melee.


Message History

The gnoll shouts!
The orc shouts!
You hear a bark!
You hear an angry growl.
An ogre comes into view. It is wielding a +0 giant spiked club.
The ogre shouts!
A hound comes into view.
The hound moves out of view.
An ufetubus comes into view.
A black bear comes into view.
An orc comes into view. It is wielding a +0 club.
The black bear growls angrily.
The orc shouts!
You slash the gnoll! Your headbutt misses the gnoll.
The gnoll is heavily wounded.
You hear a shout!
The gnoll barely misses you.
You hit the gnoll. Your headbutt misses the gnoll.
The gnoll is almost dead.
You slash the phantom!
An orc wizard comes into view. It is wielding a +1 dagger of speed.
The phantom hits you but does no damage.
The gnoll hits you but does no damage.
You feel very mighty all of a sudden.
A wyvern comes into view.
The phantom barely misses you.
An orc priest comes into view. It is wielding a +0 club.
An orc wizard comes into view. It is wielding a +0 dagger.
The gnoll hits you with a +0 whip.
The wyvern hisses angrily.
You hit the phantom.
The phantom is heavily damaged.
You hit the ogre. You barely miss the gnoll.
You hear a shout!
The phantom hits you but does no damage.
The ogre hits you with a +0 giant spiked club!!
An orc priest comes into view. It is wielding a +0 dagger.
The gnoll barely misses you.
You barely miss the gnoll.
The gnoll is almost dead.
You hit the ogre. You closely miss the phantom.
The gnoll hits you with a +0 whip!
The phantom hits you but does no damage.
The ogre hits you with a +0 giant spiked club!!
You die...

....##........#....#
.#....
#............#..
.#o#...
##.###...##..#.#
#h..#.. #.#
##...#....# .ol...
#.###.........# #o...
#.#..........#. .
#.h.###...#......###
#...#.OW#...##....###
.....5g@...##
#######.o..#
.........#
#.......o.....
##........o....
#...####..#.... .....
........ ##...
.......


You could see a black bear, a wyvern, an ogre, a phantom, a hound, 2 orc
priests, 2 orc wizards, a gnoll, 2 orcs and an ufetubus.

Vanquished Creatures
  An ogre (D:4)
  A phantom (D:4)
  A vampire bat (D:4)
  4 gnolls (D:4)
  5 adders
  An ufetubus (D:4)
  A worm (D:4)
  10 orcs
  7 ball pythons
  18 bats
  13 endoplasms
  6 giant cockroaches
  10 hobgoblins
  9 jackals
  4 kobolds
  2 quokkas
  13 frilled lizards
  9 goblins
  6 rats
121 creatures vanquished.

Notes
Turn   | Place    | Note
-------+----------+-------------------------------------------
     0 | D:1      | bmack86 the Minotaur Fighter began the quest for the Orb.
     0 | D:1      | Reached XP level 1. HP: 19/19 MP: 0/0
    88 | D:1      | Reached XP level 2. HP: 27/27 MP: 1/1
   439 | D:1      | Found a faded altar of an unknown god.
   938 | D:1      | Reached XP level 3. HP: 33/33 MP: 2/2
  1552 | D:2      | Reached XP level 4. HP: 37/40 MP: 3/3
  1871 | D:3      | Found Banuotay's Jewellery Boutique.
  1906 | D:3      | Found a broken altar of Ashenzari.
  2240 | D:3      | Reached XP level 5. HP: 45/47 MP: 4/4
  2240 | D:3      | Found Idghonki's Weapon Emporium.
  2313 | D:3      | Found Uvosiuph's Jewellery Boutique.
  2366 | D:3      | Found Cenu's Magic Scroll Boutique.
  2376 | D:3      | Bought a scroll of magic mapping for 97 gold pieces
  2738 | D:3      | Found a snail-covered altar of Cheibriados.
  2935 | D:4      | Noticed a phantom
  2947 | D:4      | Killed a phantom
  2948 | D:4      | Reached skill level 5 in Axes
  2948 | D:4      | Reached skill level 1 in Throwing
  3014 | D:4      | Reached XP level 6. HP: 44/55 MP: 5/5
  3089 | D:4      | Found a white marble altar of Elyvilon.
  3208 | D:4      | Reached skill level 5 in Fighting
  3361 | D:4      | Found Ruinwer's Magic Scroll Shop.
  3377 | D:4      | Bought a scroll of enchant weapon for 75 gold pieces
  3381 | D:4      | Found Diqaut's Antique Weapon Boutique.
  3386 | D:4      | Found Hatoxt's Book Emporium.
  3466 | D:4      | Reached skill level 5 in Armour
  3466 | D:4      | Reached skill level 5 in Shields
  3514 | D:4      | Found Otats's Distillery.
  3849 | D:5      | Entered Level 5 of the Dungeon
  3889 | D:5      | Noticed a wyvern
  3891 | D:5      | Slain by an ogre

Illustrated notes

Levels and vault maps discovered:
D:1:      minmay_arrival_plants_in_alcoves, layout_basic,
          shapermc_ecumenical_altar_venn
D:2:      layout_basic, minmay_lizard_pond
D:3:      layout_basic, nicolae_ashenzari_skybound, chei_slow_surprise,
          serial_shops, nicolae_shop_bloodbath_and_beyond,
          nicolae_shop_behind_doors, nicolae_shop_hallway_plus, shop,
          hangedman_feature_mirror
D:4:      layout_gridville, elyvilon_altar_5, serial_shops,
          kennysheep_little_box, nicolae_shop_statue_plus, shop,
          nicolae_shop_crystal, roderic_batcave, grunt_ministairs_15
D:5:      cheibrodos_fzero, layout_cave_pools

Skill      XL: |  1  2  3  4  5  6 |
---------------+-------------------+-----
Axes           | 3 4 5 |  5.6
Fighting       | 4 5 |  5.0
Shields        | 4 5 |  5.0
Armour         | 4 5 |  5.0
Throwing       | 1 |  1.9

Action                     |  1- 3 |  4- 6 || total
---------------------------+-------+-------++-------
  Melee: War axe           |    90 |   134 ||   224
         Headbutt          |    17 |    25 ||    42
  Throw: Dart              |       |     4 ||     4
    Use: Scroll            |     2 |     4 ||     6
         Potion            |       |     1 ||     1
 Armour: Scale mail        |    87 |   111 ||   198
  Dodge: Dodged            |    60 |   100 ||   160
  Block: Buckler           |    30 |    51 ||    81

Table legend: (Time is in decaauts)
 A = Elapsed time spent in this place.
 B = Non-inter-level travel time spent in this place.
 C = Inter-level travel time spent in this place.
 D = Time resting spent in this place.
 E = Time spent auto-exploring this place.
 F = Levels seen in this place.
 G = Mean time per level.
                   A        B        C        D        E       F      G
               +--------+--------+--------+--------+--------+-----+--------+
         Total |   3964 |   3900 |     64 |    194 |   2554 |   5 |  792.8 |
       Dungeon |   3964 |   3900 |     64 |    194 |   2554 |   5 |  792.8 |
               +--------+--------+--------+--------+--------+-----+--------+

Top non-repeatable levels by time:
     D:1: 1149 daAuts
     D:3: 1099 daAuts
     D:4: 1054 daAuts
     D:2: 618 daAuts
     D:5: 42 daAuts
